 Dungeon Crawl Stone Soup version 0.25.0-26-g0c896c7088 (webtiles) character file.

Game seed: 14733498799530005545

1293 protoss039 the Cleaver (level 8, -13/70 HPs)
             Began as a Minotaur Fighter on July 2, 2020.
             Was a Believer of Okawaru.
             Killed from afar by Maggie (25 damage)
             ... with a bolt of fire
             ... on level 6 of the Dungeon.
             The game lasted 00:11:10 (5720 turns).

protoss039 the Cleaver (Minotaur Fighter)           Turns: 5720, Time: 00:11:10

Health: -13/70     AC:  7    Str: 23    XL:     8   Next: 30%
Magic:  7/7        EV:  6    Int:  5    God:    Okawaru [**....]
Gold:   221        SH: 17    Dex: 10    Spells: 7/7 levels left

rFire    . . .     SeeInvis .   a - +1 war axe
rCold    . . .     Gourm    .   C - +2 tower shield
rNeg     . . .     Faith    .   b - +0 scale mail
rPois    +         Spirit   .   (helmet restricted)
rElec    .         Reflect  .   u - scarf {+Inv}
rCorr    .         Harm     .   (no gloves)
MR       .....                  (no boots)
Stlth    +.........             (no amulet)
HPRegen  0.21/turn              n - ring of stealth
MPRegen  0.10/turn              y - ring of poison resistance

@: mesmerised
A: retaliatory headbutt, horns 2
a: Heroism, Renounce Religion, Evoke Invisibility


You were on level 6 of the Dungeon.
You worshipped Okawaru.
Okawaru was pleased with you.
You were very hungry.

You visited 2 branches of the dungeon, and saw 7 of its levels.
You also visited: Ossuary.

You collected 221 gold pieces.

Inventory:

Hand Weapons
 a - a +1 war axe (weapon)
Armour
 b - a +0 scale mail (worn)
 u - a scarf of invisibility (worn)
 C - a +2 tower shield (worn)
Jewellery
 n - a ring of stealth (left hand)
 o - an uncursed ring of fire
 r - an uncursed amulet of magic regeneration
 y - a ring of poison resistance (right hand)
Wands
 c - a wand of acid (7)
Scrolls
 e - a scroll of enchant weapon
 j - 3 scrolls of teleportation
 k - 3 scrolls of remove curse
 m - 2 scrolls of holy word {unknown}
 q - a scroll of immolation
 s - a scroll of fog
 v - a scroll of blinking
 A - 2 scrolls of torment {unknown}
 F - a scroll of magic mapping {unknown}
 G - a scroll of enchant armour
Potions
 d - 2 potions of might
 g - a potion of heal wounds {unknown}
 h - a potion of degeneration {unknown}
 i - 3 potions of curing
 l - a potion of flight {unknown}
 p - 2 potions of invisibility {unknown}
 t - 2 potions of lignification {unknown}
 x - 2 potions of ambrosia {unknown}
 z - 2 potions of stabbing {unknown}
 D - 2 potions of mutation {unknown}
Comestibles
 f - 8 rations


   Skills:
 + Level 5.8 Fighting
 + Level 8.6 Axes
 + Level 6.5 Armour
 - Level 1.0 Dodging
 + Level 6.0 Shields


You had 7 spell levels left.
You didn't know any spells.
Your spell library contained the following spells:

 Spells                   Type           Power        Failure   Level  Hunger
 Magic Dart               Conj           #...         100%        1    ##.....
 Blink                    Tloc           N/A          100%        2    ###....
 Call Imp                 Summ           #.......     100%        2    ###....
 Slow                     Hex            #.......     100%        2    ###....
 Conjure Flame            Conj/Fire      #.......     100%        3    ####...
 Mephitic Cloud           Conj/Pois/Air  #.......     100%        3    ####...


Dungeon Overview and Level Annotations

Branches:
Dungeon (6/15)             Temple (1/1) D:4         Ossuary (visited)

Altars:
Ashenzari
Cheibriados
Dithmenos
Elyvilon
Fedhas
Hepliaklqana
Kikubaaqudgha
Makhleb
Nemelex Xobeh
Okawaru
Qazlal
Ru
Vehumet
Yredelemnul
Zin
The Shining One

Annotations:
D:6 Maggie


Innate Abilities, Weirdness & Mutations

You reflexively headbutt those who attack you in melee.
You have a pair of horns on your head.


Message History

Unknown command.
Unknown command.
You slash Maggie! You headbutt Maggie.
Maggie is moderately wounded.
You block Maggie's attack.
You closely miss Maggie. You headbutt Maggie!
Maggie is heavily wounded.
Maggie points at you and mumbles some strange words.
The bolt of fire hits you!
* * * LOW HITPOINT WARNING * * *
You slash Maggie!
Maggie is severely wounded.
Maggie casts a spell.
Maggie draws you further into her thrall.
You block Maggie's attack.
You hit Maggie. Your headbutt misses Maggie.
Maggie is severely wounded.
Maggie casts a spell at you. The bolt of fire hits you!!
You die...

................
................
................
................
................
................
####+###########........
...............#>..<....
......@@.......)........
...............#........
################........
#########


You could see Maggie (mesmerising).

Vanquished Creatures
  2 ice beasts (D:5)
  3 ogres (D:4)
  A centaur (D:5)
  An elf zombie (Ossuary)
  2 elf skeletons (D:5)
  A crimson imp (D:5)
  A centaur zombie (Ossuary)
  A hound (D:4)
  2 human zombies
  3 orc wizards
  An iguana (D:5)
  3 worker ants
  2 mummies (Ossuary)
  3 gnolls (D:4)
  6 adders
  A shadow imp (D:5)
  An ooze (D:1)
  A worm (D:3)
  A dart slug (D:4)
  A leopard gecko (D:4)
  19 orcs
  2 giant cockroaches
  6 goblins
  8 hobgoblins
  11 jackals
  2 quokkas
  3 ball pythons
  5 bats
  3 frilled lizards
  A goblin zombie (Ossuary)
  10 hobgoblin zombies (Ossuary)
  A jackal zombie (Ossuary)
  10 kobolds
  11 kobold zombies (Ossuary)
  2 orc skeletons (D:5)
  10 orc zombies
  4 rats
  A rat zombie (Ossuary)
146 creatures vanquished.

Notes
Turn   | Place    | Note
-------+----------+-------------------------------------------
     0 | D:1      | protoss039 the Minotaur Fighter began the quest for the
                  | Orb.
     0 | D:1      | Reached XP level 1. HP: 19/19 MP: 0/0
    47 | D:1      | Reached XP level 2. HP: 23/27 MP: 1/1
   370 | D:1      | Reached XP level 3. HP: 33/33 MP: 2/2
   475 | D:1      | Reached skill level 3 in Axes
  1077 | D:2      | Found a faded altar of an unknown god.
  1087 | D:2      | Reached XP level 4. HP: 40/40 MP: 3/3
  1163 | D:2      | You fall into a shaft and drop 1 floor!
  1843 | D:3      | Reached skill level 4 in Axes
  2088 | D:3      | Reached skill level 1 in Dodging
  2404 | D:3      | Reached XP level 5. HP: 46/46 MP: 4/4
  2583 | D:4      | Noticed an ogre
  2589 | D:4      | Killed an ogre
  2589 | D:4      | Reached skill level 5 in Axes
  2790 | D:4      | Found a staircase to the Ecumenical Temple.
  2826 | D:4      | Reached XP level 6. HP: 38/53 MP: 5/5
  2986 | Temple   | Entered the Ecumenical Temple
  2999 | Temple   | Became a worshipper of Warmaster Okawaru
  3091 | D:4      | Reached skill level 5 in Armour
  3123 | D:4      | Found the +10 morningstar "Eos" {elec, Halo rElec}
  3143 | D:4      | Reached * piety under Okawaru
  3143 | D:4      | Reached skill level 6 in Axes
  3143 | D:4      | Reached skill level 5 in Shields
  3243 | D:4      | Found a white marble altar of Elyvilon.
  3338 | D:4      | Reached XP level 7. HP: 45/60 MP: 6/6
  3664 | D:4      | Found a glowing golden altar of the Shining One.
  4020 | D:5      | Entered Level 5 of the Dungeon
  4094 | D:5      | Reached skill level 5 in Fighting
  4104 | D:5      | Found a sand-covered staircase.
  4130 | D:5      | Reached skill level 7 in Axes
  4142 | Ossuary  | Entered an ossuary
  4551 | D:5      | Reached ** piety under Okawaru
  4551 | D:5      | Reached XP level 8. HP: 19/69 MP: 7/7
  4571 | D:5      | Reached skill level 8 in Axes
  5709 | D:6      | Noticed Maggie
  5720 | D:6      | Killed from afar by Maggie

Illustrated notes

Levels and vault maps discovered:
D:1:      lightli_arrival_lavapool, layout_basic
D:2:      layout_rooms, chequers_ecumenical_altar_simple_redux
D:3:      layout_loops_ring, first_ration
D:4:      layout_loops_ring, elyvilon_altar_1, tso_metal_star,
          minmay_temple_entry_water_ring
D:5:      layout_gridville, nicolae_ossuary_entry_catacombs
D:6:      layout_gridville, old_standard_altar, nicolae_overflow_hidden_temple,
          gammafunk_ghost_grave, basic_altar, grunt_ministairs_10, uniq_grinder,
          uniq_maggie, uniq_edmund
Temple:   zaba_magenta_temple

Skill      XL: |  1  2  3  4  5  6  7  8 |
---------------+-------------------------+-----
Shields        | 4 5 6 |  6.0
Armour         | 4 5 6 |  6.5
Axes           | 3 4 5 6 7 8 |  8.6
Fighting       | 4 5 |  5.8
Dodging        | 1 |  1.0

Action                   |  1- 3 |  4- 6 |  7- 9 || total
-------------------------+-------+-------+-------++-------
Melee: War axe           |    80 |   107 |   175 ||   362
       Headbutt          |    11 |    18 |    40 ||    69
  Use: Scroll            |       |       |    11 ||    11
  Eat: Chunk             |     1 |     7 |     3 ||    11
       Ration            |       |       |     1 ||     1
Armor: Scale mail        |    40 |    34 |    40 ||   114
Dodge: Dodged            |    30 |    23 |    41 ||    94
Block: Kite shield       |    47 |    43 |    60 ||   150
       Tower shield      |       |       |    19 ||    19
